AoeStats
← PiWi

Arabian Desert

509645980Analyzed
1v1 RM · 5d ago on Sep 27, 2026· 43m 33s· 2 players
Game mode
Random Map
Map size
Tiny (2 player)
Population
200
Speed
Normal
Resources
Standard
Victory
Conquest
Starting age
Dark Age
Ending age
Imperial Age
RankedLock teamsTeams togetherTeam positionsShared explorationLock speedFull tech treeHidden civsTurbo modeCheats
Victory
Defeat
🇻🇳 Vietnamese · Vietnam
1273
+15
🇨🇭 Malay · Switzerland
1259
-15
PiWi
6:30 Loom
10:18 Feudal Age
9:29 Man-at-Arms
15:17 Fletching
15:23 Double-Bit Axe
18:16 Horse Collar
23:03 Castle Age
22:27 Padded Archer Armor
22:01 Crossbowman
22:47 Bodkin Arrow
25:04 Bow Saw
26:58 Leather Archer Armor
27:20 Heavy Plow
28:00 Wheelbarrow
29:27 Thumb Ring
33:16 Gold Mining
33:16 Stone Mining
38:36 Imperial Age
38:33 Gold Shaft Mining
38:40 Forging
38:50 Arbalester
39:31 Bracer
39:47 Elite Karambit Warrior
41:10 Iron Casting
41:01 Conscription
43:19 Blast Furnace
42:58 Ballistics
42:45 Siege Engineers
43:04 Ballistics
42:51 Long Swordsman
43:32 Squires
MovableStatue95
6:14 Loom
8:56 Feudal Age
9:32 Double-Bit Axe
13:40 Horse Collar
17:44 Wheelbarrow
18:24 Fletching
21:45 Castle Age
20:37 Gold Mining
21:08 Scale Mail Armor
21:19 Forging
22:54 Bow Saw
22:48 Heavy Plow
23:28 Chain Mail Armor
24:07 Squires
28:00 Arson
29:09 Hand Cart
32:48 Town Watch
35:44 Imperial Age
33:57 Town Patrol
34:03 Padded Archer Armor
34:13 Elite Skirmisher
34:51 Bodkin Arrow
35:12 Leather Archer Armor
36:50 Bracer
37:21 Ring Archer Armor
38:23 Chemistry
38:57 Thumb Ring
38:23 Imperial Skirmisher
39:54 Crossbowman
41:34 Ballistics
41:19 Siege Engineers
41:20 Arbalester
44:31 Hoardings
Connection lost

Rejoining the realm…

Still unreachable

The connection could not be restored.

Session expired

The server has moved on; the page needs a fresh start.